 Dungeon Crawl Stone Soup version 0.19-a0-1182-g094b998 (webtiles) character file.

58 Lindan9 the Grave Robber (level 3, -1/24 HPs)
             Began as a Vampire Necromancer on Aug 17, 2016.
             Slain by a worm (2 damage)
             ... on level 2 of the Dungeon.
             The game lasted 00:05:46 (1202 turns).

Lindan9 the Grave Robber (Vampire Necromancer)      Turns: 1202, Time: 00:05:46

Health: -1/24      AC:  3    Str:  7    XL:     3   Next: 75%
Magic:  0/6        EV: 13    Int: 18    God:
Gold:   50         SH:  0    Dex: 14    Spells: 1 memorised, 6 levels left

rFire  . . .     SeeInvis +     j - +0 short sword (drain)
rCold  . . .     Gourm    .     a - +0 robe
rNeg   + . .     Faith    .     (no shield)
rPois  .         Spirit   .     (no helmet)
rElec  .         Dismiss  .     h - +0 cloak
rCorr  .         Reflect  .     (no gloves)
MR     .....     Harm     .     (no boots)
Stlth  ++........               (no amulet)
                                (no ring)
                                (no ring)

@: no status effects
A: fangs 3, see invisible, unbreathing
a: Bat Form


You were on level 2 of the Dungeon.
You were not thirsty.

You visited 1 branch of the dungeon, and saw 2 of its levels.

You collected 50 gold pieces.

Inventory:

Hand Weapons
 d - a +0 dagger
 g - a +0 dagger
 j - a +0 short sword of draining (weapon)
Armour
 a - a +0 robe (worn)
 h - a +0 cloak (worn)
Scrolls
 e - a scroll of noise {unknown}
 f - 2 scrolls of identify {unknown}
 i - 3 scrolls of blinking {unknown}
 k - a scroll of enchant armour {unknown}
Potions
 c - 6 potions of blood
 l - a potion of heal wounds {unknown}
Books
 b - a book of Necromancy

   Spells                             Type                      Level
   a - Pain                           Necromancy                   1
   b - Animate Skeleton               Necromancy                   1
   c - Vampiric Draining              Necromancy                   3
   d - Regeneration                   Charms/Necromancy            3
   e - Animate Dead                   Necromancy                   4
   f - Control Undead                 Necromancy                   4


   Skills:
 + Level 2.4 Dodging
 + Level 3.1 Stealth
 + Level 2.5 Spellcasting
 + Level 5.5 Necromancy


You had 6 spell levels left.
You knew the following spells:

 Your Spells              Type           Power        Failure   Level  Hunger
a - Pain                  Necr           ###.         1%          1    #......


Dungeon Overview and Level Annotations

Branches:
Dungeon (2/15)

Altars:


Innate Abilities, Weirdness & Mutations

You have razor-sharp teeth.
You have supernaturally acute eyesight. (SInv)
You can survive without breathing.


Message History

You are too injured to fight recklessly!
Casting: Pain
Confirm with . or Enter, or press ? or * to list all spells.
Aiming: Pain
Press: ? - help, Shift-Dir - straight line, f - worm
Aim: a worm (lightly wounded, chance to defeat MR: 87%)
The worm writhes in agony!
Casting: Pain
Confirm with . or Enter, or press ? or * to list all spells.
Aiming: Pain
Press: ? - help, Shift-Dir - straight line, f/p - worm
Aim: a worm (moderately wounded, chance to defeat MR: 87%)
The worm writhes in agony!
The worm barely misses you.
Casting: Pain
Confirm with . or Enter, or press ? or * to list all spells.
Aiming: Pain
Press: ? - help, Shift-Dir - straight line, f/p - worm
Aim: a worm (moderately wounded, chance to defeat MR: 87%)
The worm barely resists.
The worm bites you.
You die...

.....##.##.#.#
.....##......##.........
.....######..##.........
.............##.........
..)..##.................
.....##............w..
....................
.....##...รท.....w.#
##.####.........@.# #.#
#...........# #.#
#.%.........# #.#
#...........# #.#
########.#### #.# #.#
#.# #.. #.# ##.. #.# ...


You could see a worm and a dart slug.

Vanquished Creatures
  An adder (D:2)
  An ooze (D:1)
  A dart slug (D:2)
  A giant gecko (D:2)
  4 giant cockroaches
  5 hobgoblins
  5 jackals
  5 bats
  2 giant newts (D:1)
  3 goblins (D:1)
  6 kobolds
  5 rats
39 creatures vanquished.

Notes
Turn   | Place    | Note
-------+----------+-------------------------------------------
     0 | D:1      | Lindan9 the Vampire Necromancer began the quest for the Orb.
     0 | D:1      | Reached XP level 1. HP: 13/13 MP: 3/3
   260 | D:1      | Reached XP level 2. HP: 18/19 MP: 1/5
   467 | D:1      | Reached skill level 5 in Necromancy
   768 | D:1      | Reached XP level 3. HP: 23/24 MP: 2/6
  1202 | D:2      | Slain by a worm

Vault maps used:
D:1:      co_arrival_random_square_maze
D:2:      lemuel_blue_sif_altar

Skill      XL: |  1  2 |
---------------+-------+-----
Necromancy     | 5 |  5.5
Dodging        | |  2.4
Stealth        | |  3.1
Spellcasting   | |  2.5

Action                   || total
-------------------------++-------
Melee: Dagger            ||    14
       Bite              ||     2
       Short sword       ||     8
 Cast: Pain              ||    55
  Use: Potion            ||     1
 Stab: Sleeping          ||     4
  Eat: Corpse            ||     3
Armor: Robe              ||     7
Dodge: Dodged            ||    18
